 Dungeon Crawl Stone Soup version 0.30.1-9-gdf580d7c3d (webtiles) character file.

Game seed: 2977250098668743308

257667 ringo67 the Gelid (level 19, -24/157 HPs)
             Began as a Vampire Ice Elementalist on Oct 7, 2023.
             Was an Elder of Sif Muna.
             Killed from afar by a frost giant (57 damage)
             ... with a bolt of cold
             ... on level 15 of the Dungeon on Oct 9, 2023.
             The game lasted 04:34:04 (55909 turns).

ringo67 the Gelid (Vampire Ice Elementalist)       Turns: 55909, Time: 04:34:04

Health: -24/157    AC: 23    Str: 16    XL:     19   Next: 10%
Magic:  0/37       EV: 18    Int: 26    God:    Sif Muna [****..]
Gold:   1995       SH: 13    Dex: 17    Spells: 6/47 levels left

rFire   + . .        O - +2 trident (venom)
rCold   . . .        S - +2 buckler {AC+3}
rNeg    + . .        L - +2 ring mail {rPois}
rPois   +            v - +0 helmet
rElec   .            V - +0 cloak of the Louse {Dex+3}
rCorr   +            A - +2 pair of gloves {Dex+3}
SInv    +            d - +1 pair of boots
Will    +....        D - amulet of reflection
Stlth   ++           g - ring of Hawud {rF+ AC+4 Str+3 Dex-3}
HPRegen 0.66/turn    F - ring of Zogol {+Blink rN+ rCorr Str+6}
MPRegen 0.25/turn

%: reflection
@: about to teleport, freezing walls, healing quickly
A: alive, fangs 3, see invisible, vampiric 2
}: 2/15 runes: serpentine, barnacled
a: Exsanguinate, Renounce Religion, Evoke Blink, Channel Magic, Forget Spell,
Divine Exegesis


You were on level 15 of the Dungeon.
You worshipped Sif Muna.
Sif Muna was greatly pleased with you.
You visited 7 branches of the dungeon, and saw 32 of its levels.
You also visited: Sewer and Bailey.

You collected 3184 gold pieces.
You spent 1189 gold pieces at shops.

Inventory:

Hand Weapons
 a - a +1 trident of distortion
 O - a +2 trident of venom (weapon)
Missiles
 n - 8 throwing nets
Armour
 d - a +1 pair of boots (worn)
 q - a +2 leather armour of fire resistance
 v - a +0 helmet (worn)
 x - a +2 kite shield of protection
 A - a +2 pair of gloves of dexterity (worn)
 L - a +2 ring mail of poison resistance (worn)
 S - a +2 buckler of protection (worn)
 V - the +0 cloak of the Louse (worn) {Dex+3}
   (You found it on level 14 of the Dungeon)

   Dex:       It affects your dexterity (+3).
Magical Staves
 W - the staff of death "Woghut Mer" {rF+ rN+ Will++}
   (You found it on level 4 of the Shoals)

   [staff of death]

   Base accuracy: +5 Base damage: 5 Base attack delay: 1.2 This weapon's minimum
   attack delay (0.6) is reached at skill level 12.
   rF:        It protects you from fire.
   rN:        It protects you from negative energy.
   Will:      It greatly increases your willpower.
   It falls into the 'Staves' category.
   It is a one-handed weapon.
Jewellery
 c - a ring of protection from cold
 g - the ring of Hawud (left hand) {rF+ AC+4 Str+3 Dex-3}
   (You found it on level 6 of the Dungeon)

   [ring of protection]

   AC:        It affects your AC (+4).
   Str:       It affects your strength (+3).
   Dex:       It affects your dexterity (-3).
   rF:        It protects you from fire.
 u - a +4 ring of protection
 z - a ring of flight
 D - an amulet of reflection (around neck)
 F - the ring of Zogol (right hand) {+Blink rN+ rCorr Str+6}
   (You bought it in a shop on level 2 of the Orcish Mines)

   [ring of strength]

   Str:       It affects your strength (+6).
   rN:        It protects you from negative energy.
   +Blink:    It lets you blink.
   rCorr:     It protects you from acid and corrosion.
 Y - an amulet of regeneration
Wands
 e - a wand of flame (61)
 B - a wand of digging (11)
 M - a wand of acid (22)
 N - a wand of mindburst (20)
 R - a wand of iceblast (13)
 T - a wand of paralysis (6)
Scrolls
 h - 5 scrolls of poison
 j - 2 scrolls of silence
 k - 6 scrolls of enchant weapon
 m - 7 scrolls of teleportation
 o - 4 scrolls of enchant armour
 s - 4 scrolls of amnesia
 y - 6 scrolls of magic mapping
 P - 9 scrolls of identify
 U - 2 scrolls of brand weapon
 X - 2 scrolls of blinking
Potions
 b - 2 potions of magic
 f - 4 potions of attraction
 i - 5 potions of berserk rage
 l - 4 potions of lignification
 p - 8 potions of flight
 r - 19 potions of curing
 t - 3 potions of heal wounds
 w - 10 potions of might
 C - 5 potions of haste
 G - 3 potions of cancellation
 H - 2 potions of resistance
 I - a potion of invisibility
 J - 3 potions of mutation
 K - 2 potions of brilliance


   Skills:
 + Level 16.0 Fighting
 - Level 7.0 Armour
 - Level 13.5 Dodging
 - Level 3.0 Stealth
 - Level 5.0 Shields
 + Level 14.8 Spellcasting
 - Level 7.0 Hexes
 + Level 14.5 Summonings
 - Level 16.0 Ice Magic
 - Level 2.0 Air Magic
 - Level 5.0 Invocations


You had 6 spell levels left.
You knew the following spells:

 Your Spells              Type           Power      Damage    Failure   Level
a - Freeze                Ice            100%       1d10      0%          1
c - Frozen Ramparts       Ice            100%       1d16      1%          3
d - Summon Ice Beast      Ice/Summ       78%        N/A       1%          4
e - Ozocubu's Armour      Ice            80%        N/A       1%          3
f - Summon Mana Viper     Hex/Summ       66%        N/A       1%          5
g - Ozocubu's Refrigerat  Ice            40%        4d16      8%          7
h - Blink                 Tloc           38%        N/A       10%         2
i - Swiftness             Air            29%        N/A       9%          3
j - Summon Cactus Giant   Summ           38%        N/A       2%          6
k - Monstrous Menagerie   Summ           38%        N/A       14%         7

Your spell library contained the following spells:

 Spells                   Type           Power      Damage    Failure   Level
 Summon Small Mammal      Summ           100%       N/A       0%          1
 Slow                     Hex            100%       N/A       1%          1
 Call Imp                 Summ           100%       N/A       1%          2
 Ensorcelled Hibernation  Hex/Ice        100%       N/A       1%          2
 Call Canine Familiar     Summ           76%        N/A       1%          3
 Confusing Touch          Hex            53%        N/A       1%          3
 Summon Guardian Golem    Hex/Summ       66%        N/A       1%          3
 Tukima's Dance           Hex            53%        N/A       1%          3
 Summon Lightning Spire   Summ/Air       58%        N/A       1%          4
 Metabolic Englaciation   Hex/Ice        34%        N/A       1%          5
 Ice Form                 Ice/Tmut       57%        N/A       2%          4
 Cause Fear               Hex            26%        N/A       3%          4
 Shock                    Conj/Air       96%        1d9       4%          1
 Dazzling Flash           Conj/Hex       74%        N/A       4%          3
 Inner Flame              Hex/Fire       37%        N/A       4%          3
 Portal Projectile        Hex/Tloc       74%        N/A       4%          3
 Apportation              Tloc           38%        N/A       6%          1
 Foxfire                  Conj/Fire      76%        2x1d7     6%          1
 Magic Dart               Conj           76%        1d6       6%          1
 Necrotise                Necr           76%        1d7       6%          1
 Sting                    Tmut/Pois      76%        1d6       6%          1
 Poisonous Vapours        Pois/Air       48%        N/A       6%          2
 Static Discharge         Conj/Air       48%        2-4/arc   6%          2
 Cigotuvi's Dreadful Rot  Necr/Pois/Air  44%        N/A       7%          2
 Summon Forest            Summ/Tloc      27%        N/A       9%          5
 Lesser Beckoning         Tloc           38%        N/A       10%         2
 Momentum Strike          Conj/Tloc      38%        3d9       10%         2
 Passwall                 Tmut/Erth      15%        N/A       10%         2
 Sublimation of Blood     Necr           19%        N/A       10%         2
 Wereblood                Tmut           19%        N/A       10%         2
 Vhi's Electric Charge    Tloc/Air       48%        N/A       12%         3
 Mephitic Cloud           Conj/Pois/Air  22%        N/A       14%         3
 Anguish                  Hex/Necr       18%        N/A       14%         4
 Fulminant Prism          Conj/Hex       18%        3d10      14%         4
 Leda's Liquefaction      Hex/Erth       18%        N/A       14%         4
 Freezing Cloud           Conj/Ice/Air   25%        6-21      14%         5
 Ignite Poison            Fire/Tmut/Pois 19%        N/A       19%         3
 Stone Arrow              Conj/Erth      38%        3d9       19%         3
 Teleport Other           Tloc           19%        N/A       19%         3
 Volatile Blastmotes      Fire/Tloc      38%        2d13      19%         3
 Airstrike                Air            14%        2d(3-19)  26%         4
 Silence                  Hex/Air        21%        N/A       26%         5
 Simulacrum               Ice/Necr       28%        N/A       34%         6
 Iskenderun's Mystic Bla  Conj/Tloc      19%        2d6       52%         4
 Olgreb's Toxic Radiance  Pois           19%        N/A       52%         4
 Petrify                  Tmut/Erth      19%        N/A       52%         4
 Sticky Flame             Conj/Fire      19%        2d4       52%         4
 Arcjolt                  Conj/Air       12%        1d22      75%         5
 Alistair's Intoxication  Tmut/Pois      12%        N/A       86%         5
 Blade Hands              Tmut           9%         N/A       86%         5
 Borgnjor's Vile Clutch   Necr/Erth      9%         N/A       86%         5
 Fireball                 Conj/Fire      9%         3d6       86%         5
 Irradiate                Conj/Tmut      9%         3d14      86%         5
 Iskenderun's Battlesphe  Conj           19%        2d7       86%         5
 Lee's Rapid Deconstruct  Erth           9%         3d7*      86%         5
 Conjure Ball Lightning   Conj/Air       12%        3x3d6     99%         6
 Plasma Beam              Fire/Air       12%        2x1d25    99%         6
 Eringya's Noxious Bog    Tmut/Pois      9%         N/A       100%        6
 Iron Shot                Conj/Erth      9%         9d3       100%        6
 Starburst                Conj/Fire      9%         6d5       100%        6
 Statue Form              Tmut/Erth      12%        N/A       100%        6
 Malign Gateway           Summ/Tloc      27%        N/A       95%         7
 Spellforged Servitor     Conj/Summ      27%        N/A       95%         7
 Enfeeble                 Hex            26%        N/A       96%         7
 Dragon Form              Tmut           9%         N/A       100%        7
 Orb of Destruction       Conj           9%         9d6       100%        7
 Storm Form               Tmut/Air       12%        N/A       100%        7
 Discord                  Hex            26%        N/A       100%        8
 Disjunction              Tloc           9%         N/A       100%        8
 Ignition                 Fire           9%         3d5       100%        8
 Maxwell's Capacitive Co  Air            14%        ∞         100%        8
 Chain Lightning          Conj/Air       12%        3d16      100%        9
 Dragon's Call            Summ           38%        N/A       100%        9
 Fire Storm               Conj/Fire      9%         8d3       100%        9
 Polar Vortex             Ice            40%        N/A       100%        9
 Shatter                  Erth           9%         3d11*     100%        9


Dungeon Overview and Level Annotations

Branches:
Dungeon (15/15)            Temple (1/1) D:5            Lair (5/5) D:8
 Shoals (4/4) Lair:2        Snake (4/4) Lair:3        Slime (0/5) Lair:5
    Orc (2/2) D:12            Elf (0/3) Orc:2        Vaults (0/5) D:14
 Depths (1/4) D:15          Sewer (visited)          Bailey (visited)

Altars:
Ashenzari
Cheibriados
Dithmenos
Fedhas
Gozag
Hepliaklqana
Kikubaaqudgha
Makhleb
Nemelex Xobeh
Okawaru
Qazlal
Ru
Sif Muna
Trog
Uskayaw
Vehumet
Wu Jian
Xom
Yredelemnul
Jiyva

Shops:
D:2 :   D:7 ?   D:12 *   D:15 (   Orc:2 [[(::[*=(   Shoals:3 (   Snake:4 *?*([!
Depths:1 *

Portals:
Abyss: Snake:3 Depths:1

Annotations:
Shoals:1 2 transporters, Dacaunix's ghost, adept AtFi
Snake:3 2 transporters, Drunn's ghost, adept DsEE


Innate Abilities, Weirdness & Mutations

Your natural rate of healing is accelerated.
You have razor-sharp teeth.
You have supernaturally acute eyesight. (SInv)
You are afflicted with vampirism and can become a bat while bloodless.


Message History

Confirm with . or Enter, or press ? or * to list all spells.
The heat is drained from your surroundings.
The hell knight is severely wounded.
The frost giant resists.
The frost giant is severely wounded.
The wall freezes the hell knight!
The hell knight hits you but does no damage.
The frost giant completely resists.
The wall freezes the frost giant but does no damage.
The frost giant hits you with a +1 battleaxe of freezing.
The frost giant freezes you.
You can't go down here!
Your frozen ramparts will break if you move.
Continue?
The wall freezes the hell knight but does no damage.
The hell knight calls down the wrath of its god upon you.
The bolt of fire misses you.
The wall freezes the frost giant but does no damage.
The frost giant hits you with a +1 battleaxe of freezing!!
The frost giant freezes you.
The wall freezes the hell knight but does no damage.
The hell knight hits you with a +3 demon whip.
The frozen ramparts melt away.
You climb upwards.
Welcome back to the Dungeon!
There is a staircase to the Depths here.
As you read the scroll of teleportation, it crumbles to dust.
You feel strangely unstable.
The frost giant gestures at you while chanting.
The bolt of cold hits you!
* * * LOW HITPOINT WARNING * * *
Unknown command.
Casting: Ozocubu's Refrigeration (dangerous; 8% risk of failure)
Confirm with . or Enter, or press ? or * to list all spells.
Casting: Frozen Ramparts (safe; 1% risk of failure)
Press: ? - help, Dir - look around, f - activate A staircase to the Depths.
The walls around you are covered in ice.
The wall freezes the hell knight.
The frost giant completely resists.
The wall freezes the frost giant but does no damage.
The frost giant gestures at you while chanting.
The bolt of cold hits you!!!
You die...

...............................#
.............################).#
.............################..#
...............................#
.......^.......................#
....................####.......#
#########.....#######..#.......#
#.....#### ##..#.......#
#########.....##@###.###.......#
..............###C..#..........#
..............# #p≈.#.≈........#
########......###...#..........#
########.....###.###'###.......#
.............#..#...#..........#
#######.######..#.≈.#.≈..####..#
#.# ####...#....# #..# #.#
########## #..#


You could see a frost giant and a hell knight (fast).

Vanquished Creatures
  Saint Roka (Snake:2)
  Vashnia (Snake:2)
  Rupert (D:14)
  Agnes (D:14)
  Polyphemus (Shoals:3)
  5 nagarajas
  A frost giant (Depths:1)
  Aizul (Snake:3)
  A quicksilver ooze (shapeshifter) (Depths:1)
  2 stone giants (Depths:1)
  A very ugly thing (Depths:1)
  Azrael (Snake:1)
  An ettin (Depths:1)
  6 merfolk javelineers (Shoals:4)
  A great orb of eyes (D:15)
  4 merfolk impalers
  2 salamander tyrants (Snake:4)
  2 hydras
  An ogre mage (D:15)
  4 merfolk avatars
  3 catoblepae
  A spriggan air mage (Depths:1)
  10 anacondas
  11 naga warriors
  6 centaur warriors
  A merfolk aquamancer (Shoals:4)
  6 two-headed ogres
  An alligator snapping turtle (Shoals:4)
  A boulder beetle (D:13)
  3 death yaks
  2 tengu warriors
  3 hell knights (Depths:1)
  9 naga sharpshooters
  7 shock serpents
  8 spriggans (Lair:5)
  2 skysharks
  2 sun demons (Shoals:2)
  2 salamander mystics (Snake:4)
  An orb spider (shapeshifter) (D:15)
  6 sea snakes
  A deep elf archer (D:14)
  6 naga ritualists
  4 orc knights (Orc:2)
  A necromancer (Depths:1)
  Pikel (D:5)
  A deep elf pyromancer (D:14)
  A wizard (D:14)
  7 fauns
  11 harpies
  4 cyclopes (D:14)
  An orc sorcerer (Orc:2)
  11 mana vipers
  10 ugly things
  17 salamanders
  A wolf spider (D:15)
  8 manticores
  An elephant (Lair:5)
  2 merfolk sirens (Shoals:2)
  2 torpor snails (Lair:2)
  37 black mambas
  10 cane toads
  10 guardian serpents
  8 naga magi
  8 water nymphs
  A rime drake (Lair:4)
  A yaktaur (D:15)
  4 unseen horrors
  2 tengu conjurers
  4 komodo dragons
  2 kobold demonologists (Bailey)
  An efreet (D:14)
  4 trolls
  9 merfolk
  3 polar bears
  2 hornets (Lair:5)
  5 wind drakes
  Grinder (D:6)
  5 snapping turtles
  11 slime creatures
  A dream sheep (Lair:5)
  9 blink frogs
  3 shadows
  10 water elementals
  Sigmund (D:4)
  A ynoxinul (D:8)
  5 air elementals (Shoals:4)
  A basilisk (D:15)
  39 yaks
  3 wyverns
  8 vampire mosquitoes
  2 fire elementals (Snake:1)
  2 wargs
  2 acid dragons
  31 nagas
  6 water moccasins
  4 nameless horrors
  4 hell hounds (Snake:1)
  34 orc warriors
  7 black bears
  4 ogres
  A boggart (Lair:5)
  7 centaurs
  12 wolves
  A phantom (D:6)
  4 kobold brigands
  A lemure (D:5)
  11 bullfrogs
  3 scorpions
  A troll zombie (D:12)
  5 killer bees
  4 howler monkeys
  A vampire bat (Lair:2)
  An electric eel (Bailey)
  4 jellies
  Crazy Yiuf (D:3)
  6 orc priests
  4 hounds
  2 iguanas
  Terence (D:3)
  3 sleepcaps
  A gnoll bouda (D:6)
  10 orc wizards
  A sickly merfolk siren (Sewer)
  A malarious merfolk avatar (Sewer)
  2 ogre zombies (D:12)
  17 gnolls
  8 adders
  A river rat (Sewer)
  A shadow imp (D:7)
  9 white imps
  An ufetubus (D:4)
  3 worms (D:4)
  5 dart slugs
  55 orcs
  12 ball pythons
  15 bats
  3 endoplasms (D:1)
  A giant cockroach (D:3)
  13 goblins
  9 hobgoblins
  12 jackals
  15 kobolds
  3 quokkas
  7 frilled lizards
  A goblin skeleton (D:12)
  2 goblin zombies (D:12)
  A hobgoblin skeleton (D:12)
  4 orc zombies (D:12)
  25 rats
829 creatures vanquished.

Vanquished Creatures (collateral kills)
  Jorgrun (Orc:1)
  A titan (Shoals:4)
  Frances (D:14)
  Roxanne (Snake:4)
  An ironbound preserver (D:14)
  An ettin (Depths:1)
  Josephine (Shoals:1)
  3 merfolk impalers
  A spriggan air mage (Depths:1)
  A hydra (Lair:2)
  A salamander tyrant (Snake:4)
  4 centaur warriors
  5 merfolk aquamancers
  A merfolk avatar (Shoals:3)
  2 anacondas
  8 naga warriors
  3 two-headed ogres (D:15)
  2 shock serpents
  2 boulder beetles
  8 death yaks
  A deep elf knight (D:14)
  2 tengu warriors (D:15)
  3 skeletal warriors (D:14)
  4 naga sharpshooters
  4 skysharks
  The ghost of mrw3rdna the Skirmisher, a novice FoHu of Okawaru (D:8)
  A deep troll (shapeshifter) (D:15)
  6 sea snakes
  5 orc knights
  A deep elf pyromancer (D:13)
  3 naga ritualists (Snake:4)
  2 mana vipers
  6 harpies
  5 fauns
  7 ugly things
  3 cyclopes
  6 elephants (Lair:5)
  3 manticores
  6 merfolk sirens
  A salamander (Snake:1)
  2 guardian serpents
  9 water nymphs
  2 naga magi
  7 black mambas
  A gargoyle (D:14)
  7 cane toads
  A torpor snail (Lair:2)
  3 kobold demonologists
  4 komodo dragons
  2 rime drakes
  An efreet (D:14)
  4 merfolk
  7 wind drakes
  2 polar bears
  Prince Ribbit (D:5)
  3 hornets (Lair:5)
  5 trolls
  3 blink frogs
  3 snapping turtles
  9 dream sheep
  14 slime creatures
  3 air elementals (Shoals:4)
  12 water elementals
  3 shadows
  4 spriggans (Lair:5)
  6 wraiths
  30 yaks
  A vampire (D:12)
  3 nameless horrors
  Eustachio (D:5)
  4 wyverns
  3 basilisks
  4 vampire mosquitoes (D:12)
  An acid dragon (D:9)
  7 nagas
  6 wargs
  4 water moccasins
  25 orc warriors
  2 ice beasts
  3 black bears
  3 boggarts (Lair:5)
  2 ogres
  13 wolves
  6 centaurs
  A phantom (D:12)
  2 lemures (D:5)
  A bullfrog (Lair:1)
  2 gnoll sergeants (D:11)
  6 wights
  A troll zombie (D:12)
  A killer bee (D:7)
  2 howler monkeys (D:11)
  4 electric eels (Bailey)
  A jelly (D:5)
  8 orc priests
  2 gnoll boudas
  2 orc wizards
  2 ogre zombies (D:12)
  5 gnolls
  An adder (D:6)
  6 white imps
  23 orcs
  2 ball pythons (Sewer)
  A giant cockroach (Sewer)
  2 goblins (Bailey)
  4 kobolds
  A bat (Lair:2)
  A frilled lizard (Sewer)
  A goblin zombie (D:12)
  A hobgoblin skeleton (D:12)
  2 orc skeletons (D:12)
  7 orc zombies (D:12)
  A rat (Sewer)
  2 butterflies (Lair:5)
449 creatures vanquished.

Vanquished Creatures (others)
  An orc (Orc:1)
1 creature vanquished.

Grand Total: 1279 creatures vanquished

Notes
Turn   | Place    | Note
-------+----------+-------------------------------------------
     0 | D:1      | ringo67 the Vampire Ice Elementalist began the quest for
                  | the Orb.
     0 | D:1      | Reached XP level 1. HP: 13/13 MP: 3/3
   377 | D:1      | Reached XP level 2. HP: 20/20 MP: 1/5
   534 | D:1      | Learned a level 2 spell: Call Imp
   696 | D:1      | Reached skill level 1 in Fighting
  1081 | D:2      | Gained mutation: You are afflicted with vampirism and can
                  | become a bat while bloodless. [Vampire growth]
  1081 | D:2      | Reached XP level 3. HP: 26/26 MP: 3/6
  1135 | D:2      | Found Hooduebu's Vocational Training.
  1963 | D:3      | Learned a level 3 spell: Frozen Ramparts
  1982 | D:3      | Noticed Terence
  1991 | D:3      | Killed Terence
  1992 | D:3      | Reached skill level 1 in Summonings
  1992 | D:3      | Reached XP level 4. HP: 12/32 MP: 0/8
  2918 | D:3      | Found a runed translucent door.
  2919 | D:3      | Noticed Crazy Yiuf
  3111 | D:3      | Killed Crazy Yiuf
  3112 | D:3      | Reached XP level 5. HP: 14/38 MP: 1/9
  3263 | D:4      | Found a snail-covered altar of Cheibriados.
  3362 | D:4      | Noticed Sigmund
  3371 | D:4      | Learned a level 4 spell: Summon Ice Beast
  3470 | D:4      | Killed Sigmund
  3471 | D:4      | Reached skill level 5 in Ice Magic
  3471 | D:4      | Reached XP level 6. HP: 31/46 MP: 3/11
  3532 | D:4      | Found a glowing drain.
  3548 | Sewer    | Entered a sewer
  4219 | D:4      | Reached XP level 7. HP: 47/52 MP: 4/12
  4888 | D:5      | Entered Level 5 of the Dungeon
  5066 | D:5      | Found a staircase to the Ecumenical Temple.
  5073 | Temple   | Entered the Ecumenical Temple
  5237 | D:5      | Noticed Prince Ribbit
  5240 | D:5      | Noticed Eustachio
  5249 | D:5      | Killed Prince Ribbit
  5250 | D:5      | Reached XP level 8. HP: 49/58 MP: 1/15
  5264 | D:5      | Noticed Pikel
  5268 | D:5      | Reached skill level 5 in Spellcasting
  5272 | D:5      | Killed Pikel
  5273 | D:5      | Reached skill level 5 in Summonings
  5275 | D:5      | Killed Eustachio
  6261 | D:6      | Reached XP level 9. HP: 58/63 MP: 14/18
  6296 | D:6      | Noticed Grinder
  6317 | D:6      | Killed Grinder
  6425 | D:6      | Identified the ring of Hawud {rF+ AC+4 Str+3 Dex-3}
  6975 | D:6      | Reached skill level 1 in Armour
  7024 | D:6      | Found an opulent altar of Gozag.
  7032 | D:6      | Found a faded altar of an unknown god.
  7034 | D:6      | Found a hide-covered altar of Uskayaw.
  7072 | D:6      | Found a radiant altar of Vehumet.
  7332 | D:7      | Found Xuits's Magic Scroll Emporium.
  7343 | D:7      | Found a bloodstained altar of Trog.
  7354 | D:7      | Found a burning altar of Makhleb.
  7357 | D:7      | Found an ornate altar of the Wu Jian Council.
  7367 | D:7      | Found a sparkling altar of Nemelex Xobeh.
  7407 | D:7      | Found a flagged portal.
  7414 | Bailey   | Entered a bailey
  7690 | Bailey   | Noticed a kobold demonologist
  7705 | Bailey   | Killed a kobold demonologist
  8315 | Bailey   | HP: 1/66 [electric eel/bolt of electricity (14)]
  8482 | Bailey   | Found an iron altar of Okawaru.
  8482 | Bailey   | Noticed a kobold demonologist
  8493 | Bailey   | Killed a kobold demonologist
  8494 | Bailey   | Reached XP level 10. HP: 66/73 MP: 11/20
  8898 | D:7      | Reached skill level 5 in Fighting
  9431 | D:7      | Found a shimmering blue altar of Sif Muna.
  9445 | D:7      | Became a worshipper of Sif Muna the Loreminder
  9948 | D:8      | Reached skill level 1 in Shields
 10242 | D:8      | Found a staircase to the Lair.
 10350 | D:8      | Found a broken altar of Ashenzari.
 10675 | D:8      | Reached * piety under Sif Muna
 10751 | D:8      | Learned a level 3 spell: Ozocubu's Armour
 10757 | D:8      | Learned a level 5 spell: Summon Mana Viper
 10840 | D:8      | Found a runed translucent door.
 10840 | D:8      | Noticed mrw3rdna's ghost (novice FoHu)
 11144 | D:9      | Reached skill level 1 in Hexes
 11145 | D:9      | Noticed a sun demon
 11269 | D:9      | Reached XP level 11. HP: 67/81 MP: 13/21
 11301 | D:9      | Noticed a two-headed ogre
 11371 | D:9      | Noticed a two-headed ogre
 11380 | D:9      | Killed a two-headed ogre
 11474 | D:9      | Reached ** piety under Sif Muna
 11501 | D:9      | Killed a two-headed ogre
 11502 | D:9      | Reached skill level 10 in Ice Magic
 12013 | D:10     | Entered Level 10 of the Dungeon
 12387 | D:10     | Noticed a two-headed ogre
 12395 | D:10     | Killed a two-headed ogre
 12396 | D:10     | Reached skill level 5 in Dodging
 12396 | D:10     | Reached skill level 5 in Hexes
 12424 | D:10     | Noticed a tengu warrior
 12571 | Lair:1   | Entered Level 1 of the Lair of Beasts
 12572 | Lair:1   | Noticed a death yak
 12908 | Lair:1   | Reached *** piety under Sif Muna
 12909 | Lair:1   | Reached skill level 5 in Shields
 13054 | Lair:1   | Found a frozen archway.
 13659 | Lair:1   | Killed a death yak
 13660 | Lair:1   | Reached XP level 12. HP: 92/92 MP: 8/22
 13836 | Lair:1   | Noticed a death yak
 13844 | Lair:1   | Noticed a death yak
 13846 | Lair:1   | Noticed a death yak
 13861 | D:8      | Killed a death yak
 14213 | Lair:1   | Killed a death yak
 14215 | Lair:1   | Killed a death yak
 14861 | Lair:2   | Reached **** piety under Sif Muna
 14864 | Lair:2   | Noticed a seven-headed hydra
 14872 | Lair:2   | Killed a seven-headed hydra
 15648 | Lair:2   | Found a snail-covered altar of Cheibriados.
 15982 | Lair:2   | Found a staircase to the Shoals.
 16252 | Lair:3   | Learned a level 7 spell: Ozocubu's Refrigeration
 16258 | Lair:3   | Noticed a catoblepas
 16293 | Lair:3   | Killed a catoblepas
 16768 | Lair:3   | Noticed a catoblepas
 16791 | Lair:3   | Killed a catoblepas
 17022 | Lair:3   | Found a staircase to the Snake Pit.
 17068 | Lair:3   | Reached ***** piety under Sif Muna
 17069 | Lair:3   | Reached XP level 13. HP: 101/101 MP: 9/25
 19380 | D:10     | Received a gift from Sif Muna
 19381 | D:10     | Got Deptules's Codex of Liminal Conjury {god gift}
 19522 | D:10     | Identified the +5 whip of the Riding Sybil {freeze, *Slow
                  | rN+ Int+7}
 19531 | D:10     | Learned a level 2 spell: Blink
 20346 | D:11     | You fall into a shaft and drop 2 floors!
 20402 | D:12     | Reached skill level 10 in Fighting
 20668 | D:12     | Found a staircase to the Orcish Mines.
 21191 | D:12     | Received a gift from Sif Muna
 21192 | D:12     | Reached skill level 10 in Dodging
 21192 | D:12     | Got Sif Muna's Octavo of the Swarm and Excavation {god
                  | gift}
 21500 | D:12     | Reached skill level 1 in Invocations
 21979 | D:12     | Found Zin's Purification Station.
 22373 | Orc:1    | Entered Level 1 of the Orcish Mines
 22538 | Orc:2    | Entered Level 2 of the Orcish Mines
 22559 | Orc:2    | Reached XP level 14. HP: 111/111 MP: 6/26
 23012 | Orc:2    | Received a gift from Sif Muna
 23366 | Orc:2    | Found Ukaogg's Book Emporium.
 23366 | Orc:2    | Found Erhao's Book Shop.
 23773 | Orc:2    | Found Cozxiler's Assorted Antiques.
 24078 | Orc:2    | Found Wyumam's Armour Boutique.
 24111 | Orc:2    | Found Taud's Weapon Emporium.
 24139 | Orc:2    | Found Iwulleij's Armour Shop.
 24167 | Orc:2    | Found a staircase to the Elven Halls.
 24175 | Orc:2    | Found Gulool's Antique Armour Boutique.
 24208 | Orc:2    | Learned a level 3 spell: Swiftness
 24344 | Orc:2    | Found Lecyts's Jewellery Emporium.
 24368 | Orc:2    | Found Afurgh's Weapon Shop.
 24376 | Orc:2    | Received a gift from Sif Muna
 24408 | Orc:2    | Got Fehaim's Vellum of Enchanting Mustering {god gift}
 24586 | Orc:2    | Bought a shiny buckler for 232 gold pieces
 24676 | Orc:2    | Bought the ring of Zogol {+Blink rN+ rCorr Str+6} for 837
                  | gold pieces
 24819 | Orc:1    | Noticed Jorgrun
 24877 | Orc:1    | Killed Jorgrun
 24878 | Orc:1    | Reached skill level 1 in Air Magic
 25595 | Lair:5   | Entered Level 5 of the Lair of Beasts
 26488 | Lair:5   | Received a gift from Sif Muna
 26509 | Lair:5   | Got Izxamaiv's Information on the Atmosphere and
                  | Shapeshifting {god gift}
 26839 | Lair:5   | Reached skill level 10 in Spellcasting
 27261 | Lair:5   | Reached skill level 5 in Armour
 27524 | Lair:5   | Found a viscous altar of Jiyva.
 27524 | Lair:5   | Found a staircase to the Slime Pits.
 27826 | Lair:4   | Reached XP level 15. HP: 85/119 MP: 4/29
 28296 | Lair:5   | Paralysed by a hornet for 3 turns
 28617 | D:8      | Killed mrw3rdna's ghost
 28626 | D:8      | Got the Papyrus of Detritus
 28751 | D:13     | Received a gift from Sif Muna
 29937 | D:14     | Noticed Rupert
 30983 | D:14     | Identified the +0 cloak of the Louse {Dex+3}
 31069 | D:14     | Received a gift from Sif Muna
 31120 | D:14     | Killed Rupert
 31121 | D:14     | Reached skill level 10 in Summonings
 31451 | D:14     | Reached ****** piety under Sif Muna
 31653 | D:14     | Noticed Agnes
 31672 | D:14     | Killed Agnes
 31996 | D:14     | Found a gate to the Vaults.
 32101 | D:14     | Noticed Frances
 32614 | D:14     | Killed Frances
 32764 | D:14     | Identified the +3 war axe of Pyromania {heavy, *Slow rElec
                  | Int+3}
 32916 | D:14     | Learned a level 6 spell: Summon Cactus Giant
 32962 | D:14     | Identified the +6 long sword of Teholasyike {heavy, Will+
                  | Str+3}
 33336 | D:14     | Found an iron altar of Okawaru.
 33418 | D:15     | Entered Level 15 of the Dungeon
 33434 | D:15     | Reached skill level 15 in Ice Magic
 33868 | D:15     | Found Wurarefokh's Antique Weapon Shop.
 33986 | D:15     | Received a gift from Sif Muna
 34070 | D:15     | Got Sif Muna's Guide on Beguiling {god gift}
 34224 | D:15     | Reached XP level 16. HP: 107/129 MP: 2/31
 34762 | D:15     | Found a staircase to the Depths.
 35351 | Snake:1  | Entered Level 1 of the Snake Pit
 35554 | Shoals:1 | Entered Level 1 of the Shoals
 35597 | Shoals:1 | Noticed Dacaunix's ghost (adept AtFi)
 35598 | Shoals:1 | Found a transporter.
 35784 | Shoals:1 | Reached skill level 5 in Invocations
 35963 | Shoals:1 | Found a transporter.
 35967 | Shoals:1 | You fall into a shaft and drop 1 floor!
 36416 | Shoals:1 | Noticed Josephine
 36424 | Shoals:1 | Killed Josephine
 37256 | Shoals:2 | Received a gift from Sif Muna
 37271 | Shoals:2 | Got Sif Muna's Excursus on Malisons {god gift}
 38153 | Shoals:2 | Identified the +1 troll leather armour "Wuvoeh" {rN+ Regen+
                  | Str+5 Dex+2 Stlth-}
 39210 | Shoals:3 | Received a gift from Sif Muna
 39461 | Shoals:3 | Got Sif Muna's Atlas of the Icy Stinger {god gift}
 39533 | Shoals:3 | Found Jiyno's Weapon Shop.
 39722 | Shoals:3 | Reached XP level 17. HP: 119/138 MP: 24/33
 39793 | Shoals:3 | Noticed Polyphemus
 40038 | Shoals:3 | Killed Polyphemus
 40397 | Shoals:3 | Noticed a kraken
 40420 | Shoals:4 | Entered Level 4 of the Shoals
 41180 | Shoals:4 | Identified the +10 mace "Gyjasic" {freeze, Int+2 SInv}
 41180 | Shoals:4 | Identified the +0 robe of Scuffed Amelioration {Str+4}
 41505 | Shoals:4 | Noticed a titan
 41516 | Shoals:4 | Killed a titan
 41525 | Shoals:4 | Paralysed by an air elemental for 1 turns
 41997 | Shoals:4 | Received a gift from Sif Muna
 42000 | Shoals:4 | Got Sif Muna's Precepts of Turbulent Changes {god gift}
 42069 | Shoals:4 | Got a barnacled rune of Zot
 42074 | Shoals:4 | Identified the +0 scale mail "Tegud" {rF- Regen+ Str+3}
 42076 | Shoals:4 | Identified the staff of death "Woghut Mer" {rF+ rN+ Will++}
 42139 | Shoals:4 | Paralysed by an air elemental for 1 turns
 42183 | Shoals:4 | Paralysed by an air elemental for 1 turns
 42187 | Shoals:4 | Paralysed by an air elemental for 1 turns
 42448 | Shoals:4 | Paralysed by an air elemental for 1 turns
 43172 | Shoals:4 | Paralysed by an air elemental for 1 turns
 44696 | Snake:1  | Noticed Azrael
 44699 | Snake:1  | Killed Azrael
 45874 | Snake:2  | Learned a level 7 spell: Monstrous Menagerie
 46247 | Snake:2  | Reached XP level 18. HP: 147/147 MP: 20/35
 46730 | Snake:2  | Noticed Vashnia
 47092 | Snake:2  | Killed Vashnia
 48106 | Snake:2  | Noticed Saint Roka
 48126 | Snake:2  | Killed Saint Roka
 48127 | Snake:2  | Reached skill level 15 in Fighting
 48430 | Snake:3  | Noticed Aizul
 48710 | Snake:3  | Killed Aizul
 49189 | Snake:3  | Found a transporter.
 49201 | Snake:3  | Found a one-way gate to the infinite horrors of the Abyss.
 49201 | Snake:3  | Noticed Drunn's ghost (adept DsEE)
 49813 | Snake:3  | Noticed a profane servitor
 49821 | Snake:3  | Found a transporter.
 50277 | Snake:4  | Entered Level 4 of the Snake Pit
 50502 | Snake:4  | Received a gift from Sif Muna
 50633 | Snake:4  | Got Sif Muna's Exposition on the Lofty Blaze {god gift}
 51038 | Snake:4  | Found Ikoliut's Assorted Antiques.
 51041 | Snake:4  | Found Afoasaf's Armour Shoppe.
 51041 | Snake:4  | Found Wumyneink's Weapon Shop.
 51057 | Snake:4  | Found Xefidur's Magic Scroll Emporium.
 51060 | Snake:4  | Found Wihyra's Distillery.
 51060 | Snake:4  | Found Erir's General Store.
 51079 | Snake:4  | Bought a scroll of blinking for 120 gold pieces
 51116 | Snake:4  | Noticed Roxanne
 51531 | Snake:4  | Killed Roxanne
 53347 | Snake:4  | Got a serpentine rune of Zot
 53853 | Depths:1 | Entered Level 1 of the Depths
 54045 | Depths:1 | Reached XP level 19. HP: 121/157 MP: 28/37
 55321 | Depths:1 | Found Munol's Assorted Antiques.
 55909 | D:15     | Killed from afar by a frost giant

Illustrated notes

Levels and vault maps discovered:
D:1:      wander_arrival_desolate, layout_rooms
D:2:      layout_loops_corners, nicolae_shop_vocational
D:3:      layout_loops_ring, uniq_terence, uniq_crazy_yiuf_cottage
D:4:      layout_gridville, mainiacjoe_overflow_brackets,
          cheibrodos_sewer_entry_sluice, hangedman_abyss_or_decor_stagger,
          hangedman_decor_diamond_cutter, uniq_sigmund
D:5:      layout_rooms, minmay_temple_entry_waves, uniq_pikel, uniq_eustachio,
          uniq_prince_ribbit1
D:6:      layout_loops_ring, chequers_temple_overflow_minitemple, uniq_grinder
D:7:      layout_loops_ring, grunt_temple_overflow_cloverleaf, tgw_sif,
          enter_bailey_3, serial_shops, nicolae_shop_crystal, enter_ossuary_5,
          patterned_corridor
D:8:      layout_cave_pools, evilmike_ruin_ashenzari, david_lair_shrubbed,
          hellmonk_ghost_big_iron
D:9:      layout_big_octagon, st_stairs_10, grunt_ministairs_9, hive_lemuel
D:10:     hangedman_cross_stitches, layout_irregular_city,
          nicolae_overflow_hidden_temple, kennysheep_generic_room_4
D:11:     layout_rooms
D:12:     layout_irregular_city, zombieorc1_lemuel, zin_purify
D:13:     layout_irregular_city
D:14:     evilmike_iron_armoury, layout_basic, skrybe_vaults_entry_preservation,
          minmay_misc_feat_secret_circle, uniq_rupert, uniq_frances, uniq_agnes
D:15:     hangedman_depths_entry_try_elsewhere_first, layout_long_grid,
          serial_shops, nicolae_shop_hallway_stairs
Temple:   compressed_dpeg_circular_temple
Lair:1:   layout_regular_city, portal_ice_cave_entry_imps, st_stairs_10
Lair:2:   layout_regular_city, minmay_shoals_entry_lonely_mermaid,
          roderic_batcave, kennysheep_snail_temple, lemuel_fruit_tree
Lair:3:   layout_cave_shapes, dummy_snake_entry, grunt_megastairs_3,
          serial_bayou_shore_b
Lair:4:   layout_regular_city
Lair:5:   minmay_lair_end_enchanted_forest, layout_big_grid,
          dpeg_slime_entry_enclosed, lemuel_fruit_fields
Shoals:1: layout_shoals, gammafunk_ghost_arena, uniq_josephine
Shoals:2: layout_shoals, nicolae_shoals_sun_and_surf
Shoals:3: layout_shoals, nicolae_shoals_c_island, uniq_polyphemus
Shoals:4: shoals_end_hellmonk_storm_palace [storm_palace_center_square,
          storm_palace_corner_grid, storm_palace_corner_blocked,
          storm_palace_corner_narrow, storm_palace_corner_grid]
Snake:1:  layout_cave_shapes, drop_trap, grunt_megastairs_5, uniq_azrael
Snake:2:  nicolae_snake_nest, layout_cave_pods, hangedman_snake_corridor_cut,
          uniq_vashnia, uniq_saint_roka
Snake:3:  layout_cave_town, gammafunk_ghost_abyssal_escape, st_stairs_12,
          uniq_aizul
Snake:4:  grunt_snake_rune_pools, layout_onion_interference,
          nicolae_snake_serpentine_bazaar, uniq_roxanne
Orc:1:    layout_caves, uniq_jorgrun
Orc:2:    st_orc_town, layout_diamond_mine, serial_shops,
          nicolae_shop_real_fake_doors, nicolae_shop_tiny_glass,
          nicolae_shop_hallway_plus, nicolae_shop_waterfront, shop
Depths:1: kennysheep_ambush_hall, layout_basic, abyss_entry, interstate_on_off,
          pf_hell_entry_great_geh, kennysheep_small_circle

Skill      XL: |  1  2  3  4  5  6  7  8  9 10 11 12 13 14 15 16 17 18 19 |
---------------+----------------------------------------------------------+-----
Fighting       | 1 2 3 4 6 7 9 10 11 12 13 14 15 16 | 16.0
Summonings     | 1 2 3 4 6 7 8 9 10 11 12 14 | 14.5
Spellcasting   | 3 4 6 7 8 10 11 12 13 14 | 14.8
Ice Magic      | 5 6 7 8 9 11 12 14 15 16 | 16.0
Armour         | 3 4 5 6 7 |  7.0
Shields        | 3 5 |  5.0
Dodging        | 3 6 8 10 11 12 13 | 13.5
Hexes          | 2 5 6 7 |  7.0
Invocations    | 1 3 4 5 |  5.0
Air Magic      | 2 |  2.0
Stealth        | |  3.0

Action                     |  1- 3 |  4- 6 |  7- 9 | 10-12 | 13-15 | 16-18 | 19-21 || total
---------------------------+-------+-------+-------+-------+-------+-------+-------++-------
  Melee: Unarmed           |     5 |       |       |       |       |       |       ||     5
         Bite              |     8 |     9 |    15 |    29 |    94 |    66 |     6 ||   227
         Dagger            |    47 |    34 |       |   249 |   540 |   132 |       ||  1002
         Short sword       |       |    86 |   114 |       |       |       |       ||   200
         Punch             |       |     3 |     1 |     4 |       |       |       ||     8
         Trident           |       |       |       |       |       |   356 |    22 ||   378
   Cast: Freeze            |    26 |    26 |    18 |    11 |    33 |    29 |     2 ||   145
         Frozen Ramparts   |     1 |    14 |    41 |    74 |   155 |   126 |     7 ||   418
         Call Imp          |       |    11 |    17 |    39 |    82 |    19 |       ||   168
         Summon Ice Beast  |       |       |    17 |    65 |   157 |   115 |     1 ||   355
         Summon Mana Viper |       |       |       |    10 |    77 |    72 |     1 ||   160
         Ozocubu's Refrige |       |       |       |       |    20 |   192 |    13 ||   225
         Blink             |       |       |       |       |     2 |     2 |       ||     4
         Summon Cactus Gia |       |       |       |       |     1 |    37 |     3 ||    41
         Ozocubu's Armour  |       |       |       |       |     1 |       |       ||     1
         Monstrous Menager |       |       |       |       |       |     2 |    11 ||    13
 Invoke: Channel Magic     |       |       |       |       |     3 |     5 |     1 ||     9
         Forget Spell      |       |       |       |       |       |     1 |       ||     1
Ability: Exsanguinate      |       |       |       |       |     1 |       |       ||     1
  Evoke: Wand              |       |       |       |       |     1 |       |       ||     1
    Use: Scroll            |       |       |    15 |     3 |    15 |     5 |     1 ||    39
         Potion            |       |       |       |       |     2 |     4 |     3 ||     9
   Stab: Sleeping          |     5 |     4 |       |       |     2 |     2 |       ||    13
         Distracted        |       |     1 |     1 |     2 |     6 |     4 |       ||    14
         Petrified         |       |       |       |     3 |       |       |       ||     3
 Armour: Robe              |    12 |       |       |       |       |       |       ||    12
         Leather armour    |       |    44 |    51 |   111 |   210 |       |       ||   416
         Ring mail         |       |       |       |       |    32 |   307 |    18 ||   357
  Dodge: Dodged            |    41 |    77 |    75 |   151 |   418 |   453 |    37 ||  1252
  Block: Buckler           |       |       |       |    43 |   211 |   384 |    32 ||   670
         Reflection        |       |       |       |       |       |    41 |       ||    41
